 Dungeon Sprint DCSS version 0.18.1-50-g88ac8fd (webtiles) character file.

5900000 loralnil the Heavyweight Champion (level 27, -72/323 HPs)
             Began as an Ogre Monk on Sept 16, 2016.
             Was the Champion of Makhleb.
             Annihilated by a sculptor of flesh
             ... wielding a +9 great sword
              (256 damage)
             ... in the Dungeon (Sprint VIII: "Arena of Blood").
             The game lasted 00:02:42 (59 turns).

loralnil the Heavyweight Champion (Ogre Monk)         Turns: 59, Time: 00:02:43

Health: -72/323    AC:  5    Str: 25    XL:     27
Magic:  30/54      EV: 32    Int:  9    God:    Makhleb [******]
Gold:   0          SH:  0    Dex: 20    Spells: 0 memorised, 80 levels left

rFire  . . .     SeeInvis .     i - +∞ Axe of Woe
rCold  . . .     Gourm    .     a - +0 robe
rNeg   . . .     Faith    .     (shield currently unavailable)
rPois  .         Spirit   .     (helmet restricted)
rElec  .         Dismiss  .     (no cloak)
rCorr  .         Reflect  .     (gloves unavailable)
SustAt .         Harm     .     (boots unavailable)
MR     ++...     NoTele   +     (no amulet)
Stlth  +++++++...               (no ring)
                                (no ring)

@: very resistant to hostile enchantments, extremely stealthy
A: unfitting armour, tough skin 1
a: Minor Destruction, Lesser Servant of Makhleb, Major Destruction, Greater
Servant of Makhleb, Renounce Religion


You were in the Dungeon.
You worshipped Makhleb.
Makhleb was exalted by your worship.
You were not hungry.

You visited 1 branch

Inventory:

Hand Weapons
 i - the +∞ Axe of Woe (weapon)
   (You found it in the Dungeon)
Armour
 a - a +0 robe (worn)
Scrolls
 h - a scroll of blinking
Potions
 c - a potion of curing
 d - a potion of heal wounds
 e - a potion of haste
 f - 2 potions of magic
 g - a potion of berserk rage
Comestibles
 b - a bread ration


   Skills:
 O Level 27 Fighting
 O Level 27 Axes
 O Level 27 Throwing
 O Level 27 Armour
 O Level 27 Dodging
 O Level 27 Stealth
 O Level 27 Unarmed Combat
 O Level 27 Spellcasting
 O Level 27 Invocations


You had 80 spell levels left.
You didn't know any spells.

Dungeon Overview and Level Annotations

Branches:
Dungeon (1/1)

Altars:
Makhleb

Annotations:
D The Servant


Innate Abilities, Weirdness & Mutations

You are too large for most types of armour.
You have tough skin (AC +1).


Message History

Unknown command.
You dice the meat berserker like an onion!!!
You dissect the meat berserker like a pig carcass.
You kill the meat berserker!
Makhleb accepts your kill.
You feel better.
You hear a shout! x2
The meat beast appears out of thin air!
A meat beast comes into view.
The meat beast is engulfed in roaring flames.
You hear a shout! x3
Unknown command.
A tyrant comes into view.
The meat beast rumbles deeply!
You hear a shout! x2
The Servant is engulfed in roaring flames.
The Servant misses you.
The sculptor of flesh is engulfed in roaring flames.
The sculptor of flesh hits you with a +9 great sword!!!!!
Ouch! That really hurt!
You die...

##### ### ###
##.... .= .. ......
.. .. ......##. .##
......... ... .
.####.....##§##...
#.......o.........
#...C.oW@..#.#..
#L....§z))..§§...
#....§z@2.......
...#..))§)X..O....
.....2o§)§........
......))))M.......
.......#)......#..
.#.....#)))....#..
o....###%))....###.


You could see an accursed, 2 meat beasts, a tyrant (wandering), The Servant, 2
sculptors of flesh, a large bag of meat (inner flame), a large abomination, a
dread, a meat berserker (berserk) and 3 bags of meat.

Vanquished Creatures
  9 vampire knights (D)
  17 ogres (D)
  2 liches (D)
  47 orcs (D)
  4 hill giants (D)
  7 skeletal warriors (D)
  4 large abominations (D)
  3 small abominations (D)
  5 crawling corpses (D)
98 creatures vanquished.

Vanquished Creatures (others)
  A large abomination (D)
  A small abomination (D)
  5 crawling corpses (D)
7 creatures vanquished.

Grand Total: 105 creatures vanquished

Notes
Turn   | Place    | Note
--------------------------------------------------------------
     0 | D        | loralnil the Ogre Monk began the quest for the Orb.
     0 | D        | Reached XP level 1. HP: 24/24 MP: 1/1
     2 | D        | Noticed a bag of meat
     2 | D        | Noticed a bag of meat
     2 | D        | Noticed a bag of meat
     3 | D        | Became a worshipper of Makhleb the Destroyer
     3 | D        | Reached * piety under Makhleb
     3 | D        | Reached ** piety under Makhleb
     5 | D        | Killed a bag of meat
     5 | D        | Reached skill level 5 in Stealth
     5 | D        | Reached XP level 2. HP: 61/61 MP: 2/2
     5 | D        | Reached XP level 3. HP: 68/68 MP: 3/3
     5 | D        | Reached XP level 4. HP: 78/78 MP: 4/4
     5 | D        | Reached XP level 5. HP: 87/87 MP: 5/5
     5 | D        | Reached XP level 6. HP: 96/96 MP: 6/6
     5 | D        | Reached XP level 7. HP: 104/104 MP: 7/7
     5 | D        | Reached XP level 8. HP: 113/113 MP: 8/8
     5 | D        | Reached XP level 9. HP: 122/122 MP: 9/9
     5 | D        | Reached XP level 10. HP: 131/131 MP: 10/10
     5 | D        | Reached XP level 11. HP: 139/139 MP: 11/11
     5 | D        | Reached XP level 12. HP: 148/148 MP: 12/12
     6 | D        | Noticed a meat berserker
     6 | D        | Killed a meat berserker
     6 | D        | Reached skill level 1 in Axes
     6 | D        | Reached skill level 15 in Dodging
     6 | D        | Reached XP level 13. HP: 116/169 MP: 13/13
     6 | D        | Reached XP level 14. HP: 122/179 MP: 14/14
     7 | D        | Noticed a bag of meat
     7 | D        | Noticed a meat berserker
     7 | D        | Killed a bag of meat
     7 | D        | Reached *** piety under Makhleb
     8 | D        | Noticed a meat berserker
     8 | D        | Killed a meat berserker
     8 | D        | Reached XP level 15. HP: 108/198 MP: 15/15
    10 | D        | Noticed a meat berserker
    11 | D        | Killed a meat berserker
    11 | D        | Reached **** piety under Makhleb
    11 | D        | Reached skill level 27 in Fighting
    11 | D        | Reached skill level 5 in Axes
    11 | D        | Reached skill level 27 in Unarmed Combat
    11 | D        | Reached XP level 16. HP: 217/217 MP: 16/16
    12 | D        | Noticed a meat berserker
    12 | D        | Reached skill level 10 in Stealth
    12 | D        | Reached XP level 17. HP: 226/226 MP: 17/17
    12 | D        | Killed a meat berserker
    12 | D        | Reached ***** piety under Makhleb
    12 | D        | Reached skill level 27 in Dodging
    13 | D        | Reached XP level 18. HP: 210/236 MP: 18/18
    13 | D        | Killed a meat berserker
    13 | D        | Reached skill level 15 in Stealth
    14 | D        | Noticed a large bag of meat
    14 | D        | Noticed a meat berserker
    14 | D        | Reached XP level 19. HP: 245/245 MP: 19/19
    14 | D        | Reached ****** piety under Makhleb
    15 | D        | Reached skill level 27 in Axes
    16 | D        | Reached XP level 20. HP: 256/256 MP: 20/20
    16 | D        | Reached skill level 27 in Stealth
    17 | D        | Noticed a destroyer
    17 | D        | Noticed a meat berserker
    18 | D        | Reached skill level 10 in Throwing
    18 | D        | Reached skill level 10 in Armour
    18 | D        | Reached skill level 15 in Spellcasting
    18 | D        | Reached skill level 15 in Invocations
    18 | D        | Reached XP level 21. HP: 265/265 MP: 20/40
    19 | D        | Reached skill level 15 in Throwing
    19 | D        | Killed a meat berserker
    19 | D        | Reached skill level 15 in Armour
    20 | D        | Reached XP level 22. HP: 275/275 MP: 20/47
    22 | D        | Reached XP level 23. HP: 262/284 MP: 20/53
    22 | D        | Reached skill level 27 in Spellcasting
    22 | D        | Reached skill level 27 in Invocations
    23 | D        | Killed a destroyer
    23 | D        | Reached skill level 27 in Throwing
    23 | D        | Reached skill level 27 in Armour
    24 | D        | Noticed a destroyer
    24 | D        | Reached XP level 24. HP: 285/295 MP: 21/54
    25 | D        | Noticed a destroyer
    26 | D        | Noticed a destroyer
    29 | D        | Reached XP level 25. HP: 275/304 MP: 22/54
    30 | D        | Noticed a destroyer
    31 | D        | Noticed a destroyer
    32 | D        | Noticed a destroyer
    32 | D        | Reached XP level 26. HP: 314/314 MP: 23/54
    34 | D        | Noticed a destroyer
    36 | D        | Noticed The Servant
    36 | D        | Killed a destroyer
    36 | D        | Killed a destroyer
    36 | D        | Reached XP level 27. HP: 323/323 MP: 24/54
    36 | D        | Killed a destroyer
    37 | D        | Noticed a destroyer
    40 | D        | Killed a destroyer
    41 | D        | Killed a destroyer
    41 | D        | Killed a destroyer
    42 | D        | Noticed a tyrant
    43 | D        | Killed a destroyer
    43 | D        | Killed a destroyer
    46 | D        | Noticed a tyrant
    53 | D        | Killed a tyrant
    55 | D        | Noticed a meat beast
    56 | D        | Noticed a dread
    56 | D        | Noticed an accursed
    57 | D        | Killed a tyrant
    59 | D        | Noticed a meat beast
    59 | D        | Noticed a tyrant
    59 | D        | Annihilated by a sculptor of flesh

Skill      XL: |  1  2  3  4  5  6  7  8  9 10 11 12 13 14 15 16 17 18 19 20 21 22 23 |
---------------+----------------------------------------------------------------------+-----
Fighting       | 17 21 24 27 | 27.0
Dodging        | 12 15 18 22 25 27 | 27.0
Stealth        | 5 6 7 8 10 13 16 25 27 | 27.0
Unarmed Combat | 19 23 26 27 | 27.0
Axes           | 1 2 5 9 16 23 27 | 27.0
Throwing       | 14 20 24 27 | 27.0
Armour         | 12 17 21 27 | 27.0
Spellcasting   | 15 21 26 27 | 27.0
Invocations    | 15 21 26 27 | 27.0

Action                   |  1- 3 |  4- 6 |  7- 9 | 10-12 | 13-15 | 16-18 | 19-21 | 22-24 | 25-27 || total
-------------------------+-------+-------+-------+-------+-------+-------+-------+-------+-------++-------
Melee: Executioner's axe |     1 |       |       |     1 |     3 |     3 |     5 |     5 |    17 ||    35
Dodge: Dodged            |       |       |       |       |       |     2 |     1 |     1 |     8 ||    12
